 Dungeon Crawl Stone Soup version 0.26-a0-394-g0b5ff556b1 (webtiles) character file.

Game seed: 4156613911230620935

28 Morbidden the Sneak (level 3, 27/27 HPs)
             Began as a Demonspawn Brigand on July 23, 2020.
             Quit the game on level 1 of the Dungeon.
             The game lasted 00:02:25 (1056 turns).

Morbidden the Sneak (Demonspawn Brigand)            Turns: 1056, Time: 00:02:26

Health: 27/27      AC:  4    Str: 12    XL:     3   Next: 0%
Magic:  3/3        EV: 11    Int: 12    God:
Gold:   62         SH:  0    Dex: 14    Spells: 2/2 levels left

rFire    . . .     SeeInvis .   i - +2 whip (venom)
rCold    . . .     Faith    .   (no shield)
rNeg     . . .     Spirit   .   b - +0 robe
rPois    .         Reflect  .   (helmet restricted)
rElec    .         Harm     .   c - +0 cloak
rCorr    .                      p - +0 pair of gloves (curse)
MR       .....                  (no boots)
Stlth    +++.......             (no amulet)
HPRegen  0.09/turn              (no ring)
MPRegen  0.08/turn              (no ring)

@: no status effects
A: antennae 2
a: no special abilities


You were on level 1 of the Dungeon.
You visited 1 branch of the dungeon, and saw 1 of its levels.

You collected 62 gold pieces.

Inventory:

Hand Weapons
 a - a +2 dagger
 h - a cursed -2 short sword
 i - a +2 whip of venom (weapon)
Missiles
 d - 7 poisoned darts
 e - 2 curare-tipped darts
 f - 50 stones (quivered)
 m - 4 boomerangs of dispersal
Armour
 b - a +0 robe (worn)
 c - a +0 cloak (worn)
 p - a cursed +0 pair of gloves (worn)
Scrolls
 g - a scroll of remove curse {unknown}
 k - a scroll of enchant armour {unknown}
 o - 2 scrolls of teleportation {unknown}
Potions
 j - 2 potions of flight {unknown}
 l - 2 potions of degeneration {unknown}
 n - a potion of magic {unknown}


   Skills:
 + Level 2.0 Fighting
 + Level 2.1 Short Blades
 + Level 2.1 Throwing
 + Level 0.8 Dodging
 + Level 4.2 Stealth


You had 2 spell levels left.
You didn't know any spells.
Your spell library was empty.

Dungeon Overview and Level Annotations

Branches:
Dungeon (1/15)

Altars:


Innate Abilities, Weirdness & Mutations

You have a pair of antennae on your head.


Message History

You now have 38 gold pieces (gained 2).
You now have 51 gold pieces (gained 13).
You now have 62 gold pieces (gained 11).
j - 2 coppery potions (gained 1)
A goblin comes into view.
Unknown command.
Unknown command.
Throwing (i - inventory. (/) - cycle)
f - 51 stones (quivered)
Press: ? - help, Shift-Dir - straight line, f - goblin
Aim: a goblin (asleep)
You throw a stone. The stone hits the goblin.
You kill the goblin!
You have reached level 3!
Your experience leads to an increase in your attributes!
Increase (S)trength, (I)ntelligence, or (D)exterity?
You feel stronger.
Your demonic ancestry asserts itself...
The antennae on your head grow some more.
Quiver which item? (- for none, * to show all) (? for menu, Esc to quit)
Okay, then.
Are you sure you want to abandon this character and quit the game? (Confirm with "yes".)

##################
#.................
#.################
#@# .......>. #.#
######.. #.#
#....... #.#
#....... #.#
#....#.... #.#
...#.##.... #(#
#.......... #.#
###.###.#. ..
...#.


There were no monsters in sight!

Vanquished Creatures
  A dart slug (D:1)
  A leopard gecko (D:1)
  A giant cockroach (D:1)
  5 hobgoblins (D:1)
  5 kobolds (D:1)
  6 bats (D:1)
  2 frilled lizards (D:1)
  A goblin (D:1)
  3 rats (D:1)
25 creatures vanquished.

Notes
Turn   | Place    | Note
-------+----------+-------------------------------------------
     0 | D:1      | Morbidden the Demonspawn Brigand began the quest for the
                  | Orb.
     0 | D:1      | Reached XP level 1. HP: 16/16 MP: 1/1
   296 | D:1      | Gained mutation: You have a pair of small antennae on your
                  | head. [demonic ancestry]
   296 | D:1      | Reached XP level 2. HP: 20/22 MP: 2/2
   525 | D:1      | Reached skill level 4 in Stealth
  1055 | D:1      | Gained mutation: You have a pair of antennae on your head.
                  | [demonic ancestry]
  1055 | D:1      | Reached XP level 3. HP: 27/27 MP: 3/3
  1056 | D:1      | Quit the game

Illustrated notes

Levels and vault maps discovered:
D:1:      shiori_arrival_whats_in_store_for_you, layout_basic,
          minmay_stone_trees_small

Skill      XL: |  1  2 |
---------------+-------+-----
Short Blades   | 2 |  2.1
Throwing       | 2 |  2.1
Stealth        | 4 |  4.2
Fighting       | |  2.0
Dodging        | |  0.8

Action                   || total
-------------------------++-------
Melee: Dagger            ||    18
       Whip              ||    35
Throw: Stone             ||    31
       Dart              ||     4
Armor: Robe              ||    10
Dodge: Dodged            ||    24

Table legend: (Time is in decaauts)
 A = Elapsed time spent in this place.
 B = Non-inter-level travel time spent in this place.
 C = Inter-level travel time spent in this place.
 D = Time resting spent in this place.
 E = Time spent auto-exploring this place.
 F = Levels seen in this place.
 G = Mean time per level.
                   A        B        C        D        E       F      G
               +--------+--------+--------+--------+--------+-----+--------+
         Total |   1057 |   1057 |      0 |      0 |    883 |   1 | 1057.0 |
       Dungeon |   1057 |   1057 |      0 |      0 |    883 |   1 | 1057.0 |
               +--------+--------+--------+--------+--------+-----+--------+

Top non-repeatable levels by time:
     D:1: 1057 daAuts
